[gd_resource type="SpriteFrames" load_steps=26 format=3 uid="uid://bhcoqvrpxpool"]

[ext_resource type="Texture2D" uid="uid://b1cwif2jtp1hj" path="res://assets/sheep/sheep-walk.png" id="1_lcn2s"]
[ext_resource type="Texture2D" uid="uid://cqqv6ft4jilyw" path="res://assets/sheep/sheep-frontback.png" id="2_tcjoq"]

[sub_resource type="AtlasTexture" id="AtlasTexture_udoft"]
atlas = ExtResource("1_lcn2s")
region = Rect2(0, 4963, 826, 709)

[sub_resource type="AtlasTexture" id="AtlasTexture_le5v1"]
atlas = ExtResource("2_tcjoq")
region = Rect2(0, 10620, 681, 708)

[sub_resource type="AtlasTexture" id="AtlasTexture_qjin0"]
atlas = ExtResource("2_tcjoq")
region = Rect2(0, 9912, 681, 708)

[sub_resource type="AtlasTexture" id="AtlasTexture_gd08a"]
atlas = ExtResource("1_lcn2s")
region = Rect2(826, 4963, 826, 709)

[sub_resource type="AtlasTexture" id="AtlasTexture_4jiyw"]
atlas = ExtResource("1_lcn2s")
region = Rect2(1652, 4963, 826, 709)

[sub_resource type="AtlasTexture" id="AtlasTexture_lpvve"]
atlas = ExtResource("1_lcn2s")
region = Rect2(2478, 4963, 826, 709)

[sub_resource type="AtlasTexture" id="AtlasTexture_lo73q"]
atlas = ExtResource("1_lcn2s")
region = Rect2(3304, 4963, 826, 709)

[sub_resource type="AtlasTexture" id="AtlasTexture_selk2"]
atlas = ExtResource("1_lcn2s")
region = Rect2(4130, 4963, 826, 709)

[sub_resource type="AtlasTexture" id="AtlasTexture_lr7r2"]
atlas = ExtResource("1_lcn2s")
region = Rect2(4956, 4963, 826, 709)

[sub_resource type="AtlasTexture" id="AtlasTexture_c4xn4"]
atlas = ExtResource("1_lcn2s")
region = Rect2(5782, 4963, 826, 709)

[sub_resource type="AtlasTexture" id="AtlasTexture_3jxqg"]
atlas = ExtResource("1_lcn2s")
region = Rect2(6608, 4963, 826, 709)

[sub_resource type="AtlasTexture" id="AtlasTexture_h4bo5"]
atlas = ExtResource("1_lcn2s")
region = Rect2(7434, 4963, 826, 709)

[sub_resource type="AtlasTexture" id="AtlasTexture_ifgih"]
atlas = ExtResource("1_lcn2s")
region = Rect2(8260, 4963, 826, 709)

[sub_resource type="AtlasTexture" id="AtlasTexture_t8ia3"]
atlas = ExtResource("1_lcn2s")
region = Rect2(9086, 4963, 826, 709)

[sub_resource type="AtlasTexture" id="AtlasTexture_qxmkg"]
atlas = ExtResource("1_lcn2s")
region = Rect2(9912, 4963, 826, 709)

[sub_resource type="AtlasTexture" id="AtlasTexture_bfdyo"]
atlas = ExtResource("2_tcjoq")
region = Rect2(708, 10620, 708, 708)

[sub_resource type="AtlasTexture" id="AtlasTexture_msmmx"]
atlas = ExtResource("2_tcjoq")
region = Rect2(1416, 10620, 708, 708)

[sub_resource type="AtlasTexture" id="AtlasTexture_eycoc"]
atlas = ExtResource("2_tcjoq")
region = Rect2(2124, 10620, 708, 708)

[sub_resource type="AtlasTexture" id="AtlasTexture_dldtr"]
atlas = ExtResource("2_tcjoq")
region = Rect2(2832, 10620, 708, 708)

[sub_resource type="AtlasTexture" id="AtlasTexture_ckywv"]
atlas = ExtResource("2_tcjoq")
region = Rect2(708, 9912, 708, 708)

[sub_resource type="AtlasTexture" id="AtlasTexture_2ofqo"]
atlas = ExtResource("2_tcjoq")
region = Rect2(1416, 9912, 708, 708)

[sub_resource type="AtlasTexture" id="AtlasTexture_e5ijs"]
atlas = ExtResource("2_tcjoq")
region = Rect2(2124, 9912, 708, 708)

[sub_resource type="AtlasTexture" id="AtlasTexture_kp2fc"]
atlas = ExtResource("2_tcjoq")
region = Rect2(2832, 9912, 708, 708)

[resource]
animations = [{
"frames": [{
"duration": 1.0,
"texture": SubResource("AtlasTexture_udoft")
}],
"loop": true,
"name": &"idle",
"speed": 5.0
}, {
"frames": [{
"duration": 1.0,
"texture": SubResource("AtlasTexture_le5v1")
}],
"loop": true,
"name": &"idleback",
"speed": 5.0
}, {
"frames": [{
"duration": 1.0,
"texture": SubResource("AtlasTexture_qjin0")
}],
"loop": true,
"name": &"idlefront",
"speed": 5.0
}, {
"frames": [{
"duration": 1.0,
"texture": SubResource("AtlasTexture_gd08a")
}, {
"duration": 1.0,
"texture": SubResource("AtlasTexture_4jiyw")
}, {
"duration": 1.0,
"texture": SubResource("AtlasTexture_lpvve")
}, {
"duration": 1.0,
"texture": SubResource("AtlasTexture_lo73q")
}, {
"duration": 1.0,
"texture": SubResource("AtlasTexture_selk2")
}, {
"duration": 1.0,
"texture": SubResource("AtlasTexture_lr7r2")
}, {
"duration": 1.0,
"texture": SubResource("AtlasTexture_c4xn4")
}, {
"duration": 1.0,
"texture": SubResource("AtlasTexture_3jxqg")
}, {
"duration": 1.0,
"texture": SubResource("AtlasTexture_h4bo5")
}, {
"duration": 1.0,
"texture": SubResource("AtlasTexture_ifgih")
}, {
"duration": 1.0,
"texture": SubResource("AtlasTexture_t8ia3")
}, {
"duration": 1.0,
"texture": SubResource("AtlasTexture_qxmkg")
}],
"loop": true,
"name": &"walk",
"speed": 5.0
}, {
"frames": [{
"duration": 1.0,
"texture": SubResource("AtlasTexture_bfdyo")
}, {
"duration": 1.0,
"texture": SubResource("AtlasTexture_msmmx")
}, {
"duration": 1.0,
"texture": SubResource("AtlasTexture_eycoc")
}, {
"duration": 1.0,
"texture": SubResource("AtlasTexture_dldtr")
}],
"loop": true,
"name": &"walkback",
"speed": 5.0
}, {
"frames": [{
"duration": 1.0,
"texture": SubResource("AtlasTexture_ckywv")
}, {
"duration": 1.0,
"texture": SubResource("AtlasTexture_2ofqo")
}, {
"duration": 1.0,
"texture": SubResource("AtlasTexture_e5ijs")
}, {
"duration": 1.0,
"texture": SubResource("AtlasTexture_kp2fc")
}],
"loop": true,
"name": &"walkfront",
"speed": 5.0
}]
